Sarnia Sailors vs Providence Bruins
Created - Friday, June 2, 2023 at 18:21
Goals
|
| Sarnia Sailors |
1 |
2 |
2 |
5 |
| Providence Bruins |
0 |
1 |
1 |
2 |
|
Shots
|
| Sarnia Sailors |
6 |
13 |
18 |
37 |
| Providence Bruins |
16 |
8 |
8 |
32 |
|
1st period
1. Sarnia Sailors , Dominic Toninato 38 (Keegan Kolesar 71, Vasily Podkolzin 67) at 10:47
Penalties :
Connor Carrick (SAR) for Hooking (Minor) at 11:34, Adam Erne (SAR) for Hooking (Minor) at 14:35, Vasily Podkolzin (SAR) for Hooking (Minor) at 19:20
2nd period
2. Sarnia Sailors , Michael Dal Colle 16 (Dylan McLaughlin 36) at 2:58
3. Providence Bruins , Nicholas Merkley 14 (Joe Veleno 53, Nick Perbix 13) at 3:10
4. Sarnia Sailors , Adam Erne 19 (Dylan McLaughlin 37, David Warsofsky 7) at 18:20
Penalties :
Austin Wagner (PRB) for High sticking (Minor) at 15:01
3rd period
5. Sarnia Sailors , Vasily Podkolzin 42 (Keegan Kolesar 72, Dominic Turgeon 9) at 1:19 (PP)
6. Providence Bruins , Austin Wagner 9 (Jack Studnicka 30) at 5:51
7. Sarnia Sailors , Connor Carrick 11 (Aleksi Heponiemi 24, Jack Rathbone 16) at 14:22
Penalties :
John-Jason Peterka (PRB) for Checking from behind (Minor) at 0:23, Nikolai Knyzhov (PRB) for Goalie Interference (Minor) at 1:07, John-Jason Peterka (PRB) for Tripping (Minor) at 8:50
Goalie Stats
Laurent Brossoit (SAR), 30 saves from 32 shots - (0.938), W, 19-18-2, 60:00 minutes
Trent Miner (PRB), 32 saves from 37 shots - (0.865), L, 4-11-0, 60:00 minutes
Players Stats for Sarnia Sailors
Player Name G A P +/- PIM S H SB GA TA FO MP PP MP PK MP
------------------------------------------------------------------------------------
Adam Erne 1 0 1 2 2 4 2 0 0 1 0/0 16:03 3:04 0:00
Aleksi Heponiemi 0 1 1 1 0 1 0 0 2 0 0/0 12:40 0:13 0:40
Alex Vlasic 0 0 0 3 0 2 1 1 0 1 0/0 26:43 3:58 3:04
Chris Wideman 0 0 0 0 0 2 1 0 0 1 0/1 9:03 2:43 0:00
Connor Carrick 1 0 1 1 2 4 3 3 0 0 0/0 16:12 0:00 1:51
David Warsofsky 0 1 1 1 0 1 1 4 0 0 0/0 9:52 0:00 0:00
Dominic Toninato 1 0 1 -1 0 3 1 0 1 1 9/31 20:33 0:13 2:59
Dominic Turgeon 0 1 1 1 0 0 1 0 1 0 6/12 14:45 3:24 0:09
Dylan McLaughlin 0 2 2 2 0 2 3 1 0 1 12/21 17:26 3:04 1:49
Jack Rathbone 0 1 1 3 0 3 0 1 0 0 0/0 26:42 3:58 2:19
Josh Dickinson 0 0 0 0 0 0 0 1 0 0 2/4 12:03 3:04 1:15
Keegan Kolesar 0 2 2 -1 0 0 2 1 1 0 0/1 22:25 3:24 3:13
Michael Dal Colle 1 0 1 2 0 1 3 0 1 2 0/0 14:37 0:13 1:49
Mitchell Vande Sompel 0 0 0 1 0 0 0 0 0 1 0/0 11:59 0:00 0:59
Rob Hamilton 0 0 0 -2 0 1 2 3 1 1 0/0 18:29 0:00 3:00
Seth Barton 0 0 0 -2 0 1 0 2 0 1 0/0 18:46 2:43 0:41
Vasily Podkolzin 1 1 2 -1 2 8 2 0 0 2 0/0 19:22 3:24 0:00
Yannick Weber 0 0 0 0 0 4 1 0 0 0 0/0 6:20 0:00 0:00
Players Stats for Providence Bruins
Player Name G A P +/- PIM S H SB GA TA FO MP PP MP PK MP
------------------------------------------------------------------------------------
Austin Wagner 1 0 1 -1 2 6 1 0 0 0 0/0 17:08 3:11 0:15
Brandon Coe 0 0 0 0 0 1 3 0 1 0 1/1 11:16 0:00 0:00
Helge Grans 0 0 0 0 0 2 1 1 1 0 0/0 14:12 0:00 0:34
Jack Studnicka 0 1 1 -1 0 4 2 0 1 0 12/23 20:19 3:11 2:54
Jacob Moverare 0 0 0 -2 0 0 2 3 1 1 0/0 22:55 2:56 3:30
Jared McIsaac 0 0 0 0 0 0 0 0 0 0 0/0 13:31 0:00 0:00
Joe Veleno 0 1 1 -1 0 1 2 1 0 0 16/22 19:37 2:46 3:18
John-Jason Peterka 0 0 0 -1 4 5 0 0 1 0 2/2 18:26 2:46 1:38
Jordy Bellerive 0 0 0 0 0 2 1 2 1 0 0/0 11:48 0:00 0:32
Kyle Capobianco 0 0 0 0 0 1 1 4 0 1 0/0 23:34 3:01 3:11
Logan Hutsko 0 0 0 0 0 1 2 0 1 0 6/8 11:16 0:00 0:00
Marc Del Gaizo 0 0 0 0 0 0 1 0 1 0 1/5 8:19 0:00 0:00
Mason Millman 0 0 0 0 0 1 1 0 0 0 0/0 8:37 0:00 0:00
Michal Teply 0 0 0 -1 0 4 1 0 1 0 1/3 18:21 3:11 1:33
Nicholas Merkley 1 0 1 -1 0 4 3 0 1 1 2/6 19:19 2:46 3:00
Nick Perbix 0 1 1 -2 0 0 1 5 1 2 0/0 22:37 2:56 3:30
Nikolai Knyzhov 0 0 0 0 2 0 2 5 1 2 0/0 23:29 3:01 2:36
Samuel Bolduc 0 0 0 0 0 0 1 0 0 0 0/0 8:19 0:00 0:00
3 Stars
1 - Dylan McLaughlin (SAR)
2 - Michael Dal Colle (SAR)
3 - Connor Carrick (SAR)
Power Play
Sarnia Sailors - 1 on 4 Attempt(s) - 25.00%
Providence Bruins - 0 on 3 Attempt(s) - 0.00%
Penalty Kill
Sarnia Sailors - 3 on 3 Attempt(s) - 100.00%
- Score 0 goal in Penalty Kill
Providence Bruins - 3 on 4 Attempt(s) - 75.00%
- Score 0 goal in Penalty Kill
Team Stat
Sarnia Sailors - Hits : 23 - Faceoff Wins : 29 - Blocked Shots : 17 - Penalty Minutes : 6
Providence Bruins - Hits : 25 - Faceoff Wins : 41 - Blocked Shots : 21 - Penalty Minutes : 8
Official
Referees : Chris Rooney and Mike Hasenfratz
Linesman : Ryan Gibbons and Brian Mach
Game Notes
No Game Note
Sarnia Sailors
5 vs 5 Forward
Center Left Wing Right Wing Time % Phy DF OF
1 Dominic Toninato Keegan Kolesar Vasily Podkolzin 40 1 2 2
2 Dylan McLaughlin Adam Erne Michael Dal Colle 30 1 2 2
3 Dominic Turgeon Aleksi Heponiemi Connor Carrick 20 1 2 2
4 Josh Dickinson Chris Wideman Yannick Weber 10 1 2 2
5 vs 5 Defense
Defense Defense Time % Phy DF OF
1 Alex Vlasic Jack Rathbone 40 1 2 2
2 Rob Hamilton Seth Barton 30 1 2 2
3 Mitchell Vande Sompel David Warsofsky 20 1 2 2
4 Connor Carrick Jack Rathbone 10 1 2 2
PowerPlay Forward
Center Left Wing Right Wing Time % Phy DF OF
1 Dominic Turgeon Keegan Kolesar Vasily Podkolzin 60 1 2 2
2 Dylan McLaughlin Adam Erne Josh Dickinson 40 1 2 2
PowerPlay Defense
Defense Defense Time % Phy DF OF
1 Jack Rathbone Alex Vlasic 60 1 2 2
2 Seth Barton Chris Wideman 40 1 2 2
Penalty Kill 4 Players Forward
Center Wing Time % Phy DF OF
1 Dominic Toninato Keegan Kolesar 60 1 2 2
2 Dylan McLaughlin Michael Dal Colle 40 1 2 2
Penalty Kill 4 Players Defense
Defense Defense Time % Phy DF OF
1 Alex Vlasic Connor Carrick 60 1 2 2
2 Jack Rathbone Rob Hamilton 40 1 2 2
Penalty Kill - 3 Players Forward
Forward Time % Phy DF OF
1 Dominic Toninato 60 1 2 2
2 Dylan McLaughlin 40 1 2 2
Penalty Kill - 3 Players Defense
Defense Defense Time % Phy DF OF
1 Alex Vlasic Connor Carrick 60 1 2 2
2 Jack Rathbone Rob Hamilton 40 1 2 2
4 vs 4 Forward
Center Wing Time % Phy DF OF
1 Keegan Kolesar Vasily Podkolzin 60 1 2 2
2 Dominic Turgeon Michael Dal Colle 40 1 2 2
4 vs 4 Defense
Defense Defense Time % Phy DF OF
1 Alex Vlasic Jack Rathbone 60 1 2 2
2 Connor Carrick Yannick Weber 40 1 2 2
Last Minutes Offensive
Center Left Wing Right Wing Defense Defense
Dominic Toninato Keegan Kolesar Vasily Podkolzin Yannick Weber Jack Rathbone
Last Minutes Defensive
Center Left Wing Right Wing Defense Defense
Dylan McLaughlin Keegan Kolesar Dominic Toninato Yannick Weber Connor Carrick
Goaltenders
Starting : Laurent Brossoit
Backup : Matt Tomkins
Extra Forwards
Normal : Josh Dickinson, Adam Erne, Aleksi Heponiemi - PP : Josh Dickinson, Aleksi Heponiemi - PK : Josh Dickinson
Extra Defensemen
Normal : Rob Hamilton, Seth Barton, Jack Rathbone - PP : David Warsofsky - PK : Rob Hamilton, Seth Barton
Penalty Shots
Keegan Kolesar, Vasily Podkolzin, Dominic Toninato, Aleksi Heponiemi, Michael Dal Colle
Providence Bruins
5 vs 5 Forward
Center Left Wing Right Wing Time % Phy DF OF
1 Joe Veleno John-Jason Peterka Nicholas Merkley 30 1 2 2
2 Jack Studnicka Michal Teply Austin Wagner 30 1 2 2
3 Logan Hutsko Jordy Bellerive Brandon Coe 25 1 2 2
4 Marc Del Gaizo Mason Millman Samuel Bolduc 15 1 2 2
5 vs 5 Defense
Defense Defense Time % Phy DF OF
1 Nikolai Knyzhov Kyle Capobianco 35 1 2 2
2 Jacob Moverare Nick Perbix 35 1 2 2
3 Helge Grans Jared McIsaac 30 1 2 2
4 Nikolai Knyzhov Kyle Capobianco 0 1 2 2
PowerPlay Forward
Center Left Wing Right Wing Time % Phy DF OF
1 Joe Veleno John-Jason Peterka Nicholas Merkley 50 1 2 2
2 Jack Studnicka Michal Teply Austin Wagner 50 1 2 2
PowerPlay Defense
Defense Defense Time % Phy DF OF
1 Nikolai Knyzhov Kyle Capobianco 50 1 2 2
2 Jacob Moverare Nick Perbix 50 1 2 2
Penalty Kill 4 Players Forward
Center Wing Time % Phy DF OF
1 Nicholas Merkley Joe Veleno 50 1 2 2
2 John-Jason Peterka Jack Studnicka 50 1 2 2
Penalty Kill 4 Players Defense
Defense Defense Time % Phy DF OF
1 Nikolai Knyzhov Kyle Capobianco 50 1 2 2
2 Jacob Moverare Nick Perbix 50 1 2 2
Penalty Kill - 3 Players Forward
Forward Time % Phy DF OF
1 Nicholas Merkley 50 1 2 2
2 Joe Veleno 50 1 2 2
Penalty Kill - 3 Players Defense
Defense Defense Time % Phy DF OF
1 Nikolai Knyzhov Kyle Capobianco 50 1 2 2
2 Jacob Moverare Nick Perbix 50 1 2 2
4 vs 4 Forward
Center Wing Time % Phy DF OF
1 Nicholas Merkley Joe Veleno 50 1 2 2
2 John-Jason Peterka Jack Studnicka 50 1 2 2
4 vs 4 Defense
Defense Defense Time % Phy DF OF
1 Nikolai Knyzhov Kyle Capobianco 50 1 2 2
2 Jacob Moverare Nick Perbix 50 1 2 2
Last Minutes Offensive
Center Left Wing Right Wing Defense Defense
Joe Veleno John-Jason Peterka Nicholas Merkley Nikolai Knyzhov Kyle Capobianco
Last Minutes Defensive
Center Left Wing Right Wing Defense Defense
Joe Veleno John-Jason Peterka Nicholas Merkley Nikolai Knyzhov Kyle Capobianco
Goaltenders
Starting : Trent Miner
Backup : Olivier Rodrigue
Extra Forwards
Normal : Logan Hutsko, Brandon Coe, Michal Teply - PP : Logan Hutsko, Brandon Coe - PK : Michal Teply
Extra Defensemen
Normal : Mason Millman, Helge Grans, Jared McIsaac - PP : Mason Millman - PK : Helge Grans, Jared McIsaac
Penalty Shots
Nicholas Merkley, Joe Veleno, John-Jason Peterka, Jack Studnicka, Michal Teply
% Time on Ice - Sarnia Sailors
Lines # - Real PCT - Wanted PCT - Time Play
Normal Forward
1 - 36% - 40% - 16:56
2 - 26% - 30% - 12:33
3 - 24% - 20% - 11:33
4 - 13% - 10% - 6:20
Normal Defense
1 - 42% - 40% - 19:41
2 - 33% - 30% - 15:25
3 - 21% - 20% - 9:52
4 - 5% - 10% - 2:24
PP Forward
1 - 54% - 60% - 3:37
2 - 46% - 40% - 3:04
PP Defense
1 - 59% - 60% - 3:58
2 - 41% - 40% - 2:43
PK Forward
1 - 69% - 60% - 4:08
2 - 31% - 40% - 1:49
PK Defense
1 - 61% - 60% - 3:38
2 - 39% - 40% - 2:19
PK3 Forward
1 - 0% - 60%
2 - 0% - 40%
PK3 Defense
1 - 0% - 60%
2 - 0% - 40%
44 Forward
1 - 0% - 60%
2 - 0% - 40%
44 Defense
1 - 0% - 60%
2 - 0% - 40%
Last Minute Offensive - 0:00
Last Minute Defensive - 0:00
Total
Forward - 60:00
Defense - 60:00
|
% Time on Ice - Providence Bruins
Lines # - Real PCT - Wanted PCT - Time Play
Normal Forward
1 - 29% - 30% - 13:33
2 - 30% - 30% - 14:14
3 - 24% - 25% - 11:16
4 - 18% - 15% - 8:19
Normal Defense
1 - 36% - 35% - 17:00
2 - 35% - 35% - 16:29
3 - 29% - 30% - 13:31
4 - 1% - 0% - 0:22
PP Forward
1 - 46% - 50% - 2:46
2 - 54% - 50% - 3:11
PP Defense
1 - 51% - 50% - 3:01
2 - 49% - 50% - 2:56
PK Forward
1 - 43% - 50% - 2:48
2 - 57% - 50% - 3:41
PK Defense
1 - 49% - 50% - 3:11
2 - 51% - 50% - 3:18
PK3 Forward
1 - 100% - 50% - 0:12
2 - 0% - 50% - 0:00
PK3 Defense
1 - 0% - 50% - 0:00
2 - 100% - 50% - 0:12
44 Forward
1 - 0% - 50%
2 - 0% - 50%
44 Defense
1 - 0% - 50%
2 - 0% - 50%
Last Minute Offensive - 0:00
Last Minute Defensive - 0:00
Total
Forward - 60:00
Defense - 60:00
|
Play-by-Play
1st period
0:01 of 1st period - Dominic Toninato wins face-off versus Joe Veleno in neutral zone.
0:16 of 1st period - Wrist shot by Vasily Podkolzin.
0:16 of 1st period - Stopped by Trent Miner with a rebound.
0:55 of 1st period - Icing by Seth Barton.
0:56 of 1st period - Dominic Turgeon wins face-off versus Marc Del Gaizo in Sarnia Sailors zone.
1:29 of 1st period - Backhand shot by Michal Teply.
1:29 of 1st period - Stopped by Laurent Brossoit without a rebound.
1:30 of 1st period - Logan Hutsko wins face-off versus Josh Dickinson in Sarnia Sailors zone.
1:35 of 1st period - Snap shot by Brandon Coe.
1:35 of 1st period - Shot Blocked by David Warsofsky.
1:45 of 1st period - Snap shot by Josh Dickinson.
1:45 of 1st period - Shot Misses the Net.
1:55 of 1st period - Joe Veleno is hit by Dylan McLaughlin and loses puck.
2:06 of 1st period - Kyle Capobianco is hit by Adam Erne and loses puck.
2:49 of 1st period - Alex Vlasic is hit by Mason Millman and loses puck.
3:02 of 1st period - Snap shot by Chris Wideman.
3:02 of 1st period - Shot Misses the Net.
3:26 of 1st period - Wrist shot by Dylan McLaughlin.
3:26 of 1st period - Shot Misses the Net.
3:42 of 1st period - Helge Grans is hit by Rob Hamilton and loses puck.
4:16 of 1st period - Wrist shot by Joe Veleno.
4:16 of 1st period - Shot Misses the Net.
4:26 of 1st period - Snap shot by Nicholas Merkley.
4:26 of 1st period - Shot Blocked by Rob Hamilton.
4:28 of 1st period - Snap shot by Nicholas Merkley.
4:28 of 1st period - Deflect By John-Jason Peterka.
4:28 of 1st period - Stopped by Laurent Brossoit without a rebound.
4:29 of 1st period - Jack Studnicka wins face-off versus Dominic Toninato in Sarnia Sailors zone.
4:43 of 1st period - Michal Teply is hit by David Warsofsky and loses puck.
5:15 of 1st period - Slapshot by Alex Vlasic.
5:15 of 1st period - Shot Blocked by Nikolai Knyzhov.
5:17 of 1st period - Snap shot by Connor Carrick.
5:17 of 1st period - Shot Blocked by Kyle Capobianco.
5:21 of 1st period - Snap shot by Yannick Weber.
5:21 of 1st period - Stopped by Trent Miner with a rebound.
5:23 of 1st period - Slapshot by David Warsofsky.
5:23 of 1st period - Stopped by Trent Miner without a rebound.
5:24 of 1st period - Jack Studnicka wins face-off versus Dominic Toninato in Providence Bruins zone.
5:31 of 1st period - Keegan Kolesar is hit by Austin Wagner and loses puck.
7:02 of 1st period - Wrist shot by Vasily Podkolzin.
7:02 of 1st period - Shot Misses the Net.
7:11 of 1st period - Off-side.
7:12 of 1st period - Joe Veleno wins face-off versus Dylan McLaughlin in neutral zone.
7:27 of 1st period - Michael Dal Colle is hit by Joe Veleno and loses puck.
7:40 of 1st period - Wrist shot by Jordy Bellerive.
7:40 of 1st period - Stopped by Laurent Brossoit with a rebound.
7:42 of 1st period - Slapshot by Jordy Bellerive.
7:42 of 1st period - Shot Misses the Net.
7:44 of 1st period - Wrist shot by Brandon Coe.
7:44 of 1st period - Deflect By Jordy Bellerive.
7:44 of 1st period - Shot Misses the Net.
7:44 of 1st period - Puck is out of play.
7:45 of 1st period - Brandon Coe wins face-off versus Dominic Toninato in Sarnia Sailors zone.
7:46 of 1st period - Backhand shot by Logan Hutsko.
7:46 of 1st period - Shot Misses the Net.
7:48 of 1st period - Slapshot by Jordy Bellerive.
7:48 of 1st period - Stopped by Laurent Brossoit with a rebound.
8:25 of 1st period - Wrist shot by Logan Hutsko.
8:25 of 1st period - Stopped by Laurent Brossoit without a rebound.
8:26 of 1st period - Jack Studnicka wins face-off versus Dominic Toninato in Sarnia Sailors zone.
8:29 of 1st period - Wrist shot by Jack Studnicka.
8:29 of 1st period - Shot Misses the Net.
8:58 of 1st period - Off-side.
8:59 of 1st period - Dylan McLaughlin wins face-off versus Marc Del Gaizo in neutral zone.
9:14 of 1st period - Michael Dal Colle is hit by Nick Perbix and loses puck.
9:56 of 1st period - Wrist shot by Aleksi Heponiemi.
9:56 of 1st period - Shot Misses the Net.
10:16 of 1st period - Jared McIsaac is hit by Dominic Toninato and loses puck.
10:31 of 1st period - Slapshot by Nicholas Merkley.
10:31 of 1st period - Stopped by Laurent Brossoit with a rebound.
10:41 of 1st period - Snap shot by Vasily Podkolzin.
10:41 of 1st period - Stopped by Trent Miner with a rebound.
10:43 of 1st period - Wrist shot by Dominic Toninato.
10:43 of 1st period - Shot Misses the Net.
10:45 of 1st period - Wrist shot by Keegan Kolesar.
10:45 of 1st period - Shot Blocked by Nikolai Knyzhov.
10:47 of 1st period - Snap shot by Dominic Toninato.
10:47 of 1st period - Goal by Dominic Toninato - Sarnia Sailors : 1 - Providence Bruins : 0.
10:48 of 1st period - Jack Studnicka wins face-off versus Dylan McLaughlin in neutral zone.
10:48 of 1st period - Austin Wagner is hit by Adam Erne and loses puck.
10:54 of 1st period - Off-side.
10:55 of 1st period - Dylan McLaughlin wins face-off versus Jack Studnicka in neutral zone.
11:06 of 1st period - Wrist shot by Dylan McLaughlin.
11:06 of 1st period - Shot Blocked by Nick Perbix.
11:34 of 1st period - Minor Penalty to Connor Carrick for Hooking.
11:35 of 1st period - Joe Veleno wins face-off versus Dominic Toninato in Sarnia Sailors zone.
12:22 of 1st period - John-Jason Peterka is hit by Dylan McLaughlin.
13:34 of 1st period - Penalty to Connor Carrick is over, Connor Carrick is back on ice.
13:54 of 1st period - Helge Grans is hit by Connor Carrick and loses puck.
14:05 of 1st period - Marc Del Gaizo is hit by Connor Carrick.
14:25 of 1st period - Wrist shot by Dominic Toninato.
14:25 of 1st period - Shot Misses the Net.
14:30 of 1st period - Off-side.
14:31 of 1st period - Logan Hutsko wins face-off versus Dylan McLaughlin in neutral zone.
14:35 of 1st period - Minor Penalty to Adam Erne for Hooking.
14:36 of 1st period - Dylan McLaughlin wins face-off versus Jack Studnicka in Sarnia Sailors zone.
14:44 of 1st period - Wrist shot by Jack Studnicka.
14:44 of 1st period - Deflect By Michal Teply.
14:44 of 1st period - Stopped by Laurent Brossoit without a rebound.
14:45 of 1st period - Jack Studnicka wins face-off versus Dylan McLaughlin in Sarnia Sailors zone.
14:46 of 1st period - Slapshot by Michal Teply.
14:46 of 1st period - Stopped by Laurent Brossoit with a rebound.
14:48 of 1st period - Snap shot by Jack Studnicka.
14:48 of 1st period - Stopped by Laurent Brossoit without a rebound.
14:49 of 1st period - Jack Studnicka wins face-off versus Dominic Toninato in Sarnia Sailors zone.
15:14 of 1st period - Joe Veleno is hit by Dylan McLaughlin and loses puck.
15:38 of 1st period - Wrist shot by Austin Wagner.
15:38 of 1st period - Shot Blocked by Josh Dickinson.
16:26 of 1st period - Icing by Nicholas Merkley.
16:27 of 1st period - Joe Veleno wins face-off versus Josh Dickinson in Providence Bruins zone.
16:35 of 1st period - Penalty to Adam Erne is over, Adam Erne is back on ice.
16:37 of 1st period - Icing by Joe Veleno.
16:38 of 1st period - Joe Veleno wins face-off versus Dylan McLaughlin in Providence Bruins zone.
16:50 of 1st period - Icing by Nikolai Knyzhov.
16:51 of 1st period - Dominic Turgeon wins face-off versus Jack Studnicka in Providence Bruins zone.
17:00 of 1st period - Snap shot by Aleksi Heponiemi.
17:00 of 1st period - Shot Misses the Net.
17:16 of 1st period - Jack Rathbone is hit by Michal Teply and loses puck.
17:23 of 1st period - Snap shot by Austin Wagner.
17:23 of 1st period - Stopped by Laurent Brossoit with a rebound.
17:25 of 1st period - Slapshot by Nikolai Knyzhov.
17:25 of 1st period - Shot Blocked by Connor Carrick.
17:27 of 1st period - Slapshot by Austin Wagner.
17:27 of 1st period - Stopped by Laurent Brossoit with a rebound.
17:29 of 1st period - Wrist shot by Austin Wagner.
17:29 of 1st period - Shot Misses the Net.
17:31 of 1st period - Wrist shot by Jack Studnicka.
17:31 of 1st period - Deflect By Austin Wagner.
17:31 of 1st period - Stopped by Laurent Brossoit with a rebound.
17:33 of 1st period - Snap shot by Michal Teply.
17:33 of 1st period - Shot Blocked by Jack Rathbone.
17:35 of 1st period - Snap shot by Jack Studnicka.
17:35 of 1st period - Stopped by Laurent Brossoit without a rebound.
17:36 of 1st period - Dominic Toninato wins face-off versus Joe Veleno in Sarnia Sailors zone.
17:36 of 1st period - Dominic Toninato is hit by Nicholas Merkley.
17:52 of 1st period - Snap shot by Nicholas Merkley.
17:52 of 1st period - Stopped by Laurent Brossoit without a rebound.
17:53 of 1st period - Dylan McLaughlin wins face-off versus Logan Hutsko in Sarnia Sailors zone.
17:53 of 1st period - Dylan McLaughlin is hit by Logan Hutsko.
17:59 of 1st period - Wrist shot by Dylan McLaughlin.
17:59 of 1st period - Shot Blocked by Jordy Bellerive.
18:06 of 1st period - Off-side.
18:07 of 1st period - Joe Veleno wins face-off versus Dominic Toninato in neutral zone.
18:53 of 1st period - Icing by Alex Vlasic.
18:54 of 1st period - Dominic Turgeon wins face-off versus Jack Studnicka in Sarnia Sailors zone.
19:01 of 1st period - Slapshot by Connor Carrick.
19:01 of 1st period - Stopped by Trent Miner with a rebound.
19:03 of 1st period - Slapshot by Jack Rathbone.
19:03 of 1st period - Shot Misses the Net.
19:05 of 1st period - Slapshot by Alex Vlasic.
19:05 of 1st period - Shot Misses the Net.
19:07 of 1st period - Wrist shot by Aleksi Heponiemi.
19:07 of 1st period - Shot Misses the Net.
19:09 of 1st period - Wrist shot by Dominic Turgeon.
19:09 of 1st period - Shot Misses the Net.
19:20 of 1st period - Minor Penalty to Vasily Podkolzin for Hooking.
19:21 of 1st period - Dominic Toninato wins face-off versus Jack Studnicka in Sarnia Sailors zone.
19:41 of 1st period - Icing by Jack Studnicka.
19:42 of 1st period - Jack Studnicka wins face-off versus Dominic Toninato in Providence Bruins zone.
19:49 of 1st period - Snap shot by Michal Teply.
19:49 of 1st period - Shot Misses the Net.
19:55 of 1st period - Wrist shot by Michal Teply.
19:55 of 1st period - Stopped by Laurent Brossoit with a rebound.
19:57 of 1st period - Slapshot by Austin Wagner.
19:57 of 1st period - Stopped by Laurent Brossoit without a rebound.
19:58 of 1st period - John-Jason Peterka wins face-off versus Dominic Toninato in Sarnia Sailors zone.
Goals for this period are 1 for Sarnia Sailors vs 0 for Providence Bruins.
Shots for this period are 6 for Sarnia Sailors vs 16 for Providence Bruins.
2nd period
0:01 of 2nd period - Joe Veleno wins face-off versus Dominic Toninato in neutral zone.
0:46 of 2nd period - Wrist shot by Nicholas Merkley.
0:46 of 2nd period - Shot Blocked by Rob Hamilton.
1:20 of 2nd period - Penalty to Vasily Podkolzin is over, Vasily Podkolzin is back on ice.
1:49 of 2nd period - Alex Vlasic is hit by Samuel Bolduc and loses puck.
2:19 of 2nd period - Off-side.
2:20 of 2nd period - Logan Hutsko wins face-off versus Dominic Turgeon in neutral zone.
2:50 of 2nd period - Snap shot by Joe Veleno.
2:50 of 2nd period - Deflect By Vasily Podkolzin.
2:50 of 2nd period - Shot Blocked by Seth Barton.
2:50 of 2nd period - Puck is out of play.
2:51 of 2nd period - Dylan McLaughlin wins face-off versus Jack Studnicka in Sarnia Sailors zone.
2:58 of 2nd period - Slapshot by Michael Dal Colle.
2:58 of 2nd period - Goal by Michael Dal Colle - Sarnia Sailors : 2 - Providence Bruins : 0.
2:59 of 2nd period - Nicholas Merkley wins face-off versus Dominic Toninato in neutral zone.
3:10 of 2nd period - Snap shot by Nicholas Merkley.
3:10 of 2nd period - Goal by Nicholas Merkley - Sarnia Sailors : 2 - Providence Bruins : 1.
3:11 of 2nd period - Joe Veleno wins face-off versus Dominic Toninato in neutral zone.
3:30 of 2nd period - Rob Hamilton is hit by Nicholas Merkley and loses puck.
4:23 of 2nd period - Slapshot by Vasily Podkolzin.
4:23 of 2nd period - Deflect By Dominic Toninato.
4:23 of 2nd period - Shot Blocked by Kyle Capobianco.
4:23 of 2nd period - Puck is out of play.
4:24 of 2nd period - Dylan McLaughlin wins face-off versus Jack Studnicka in Providence Bruins zone.
4:29 of 2nd period - Wrist shot by Dylan McLaughlin.
4:29 of 2nd period - Shot Blocked by Helge Grans.
4:37 of 2nd period - Snap shot by Jack Studnicka.
4:37 of 2nd period - Stopped by Laurent Brossoit with a rebound.
4:49 of 2nd period - Dominic Turgeon is hit by Helge Grans and loses puck.
4:56 of 2nd period - Snap shot by Joe Veleno.
4:56 of 2nd period - Stopped by Laurent Brossoit without a rebound.
4:57 of 2nd period - Logan Hutsko wins face-off versus Dominic Turgeon in Sarnia Sailors zone.
5:00 of 2nd period - Wrist shot by Brandon Coe.
5:00 of 2nd period - Stopped by Laurent Brossoit with a rebound.
5:22 of 2nd period - Wrist shot by Nicholas Merkley.
5:22 of 2nd period - Stopped by Laurent Brossoit with a rebound.
5:44 of 2nd period - Slapshot by Alex Vlasic.
5:44 of 2nd period - Shot Misses the Net.
5:46 of 2nd period - Backhand shot by Jack Rathbone.
5:46 of 2nd period - Stopped by Trent Miner without a rebound.
5:47 of 2nd period - Josh Dickinson wins face-off versus Michal Teply in Providence Bruins zone.
5:53 of 2nd period - Slapshot by Alex Vlasic.
5:53 of 2nd period - Shot Misses the Net.
5:55 of 2nd period - Slapshot by Alex Vlasic.
5:55 of 2nd period - Shot Misses the Net.
6:03 of 2nd period - Snap shot by Austin Wagner.
6:03 of 2nd period - Stopped by Laurent Brossoit without a rebound.
6:04 of 2nd period - Joe Veleno wins face-off versus Dominic Toninato in Sarnia Sailors zone.
6:07 of 2nd period - Snap shot by Nicholas Merkley.
6:07 of 2nd period - Shot Misses the Net.
6:09 of 2nd period - Snap shot by Joe Veleno.
6:09 of 2nd period - Shot Blocked by Connor Carrick.
6:11 of 2nd period - Slapshot by Joe Veleno.
6:11 of 2nd period - Shot Misses the Net.
6:13 of 2nd period - Wrist shot by John-Jason Peterka.
6:13 of 2nd period - Stopped by Laurent Brossoit with a rebound.
6:15 of 2nd period - Wrist shot by John-Jason Peterka.
6:15 of 2nd period - Stopped by Laurent Brossoit without a rebound.
6:16 of 2nd period - Dominic Toninato wins face-off versus Joe Veleno in Sarnia Sailors zone.
6:31 of 2nd period - Icing by Jack Rathbone.
6:32 of 2nd period - Jack Studnicka wins face-off versus Dominic Toninato in Sarnia Sailors zone.
6:47 of 2nd period - Snap shot by Keegan Kolesar.
6:47 of 2nd period - Deflect By Vasily Podkolzin.
6:47 of 2nd period - Stopped by Trent Miner without a rebound.
6:48 of 2nd period - Joe Veleno wins face-off versus Dylan McLaughlin in Providence Bruins zone.
7:39 of 2nd period - Wrist shot by Aleksi Heponiemi.
7:39 of 2nd period - Deflect By Connor Carrick.
7:39 of 2nd period - Stopped by Trent Miner with a rebound.
7:49 of 2nd period - Rob Hamilton is hit by Jordy Bellerive and loses puck.
8:22 of 2nd period - Snap shot by Keegan Kolesar.
8:22 of 2nd period - Shot Blocked by Kyle Capobianco.
8:24 of 2nd period - Slapshot by Vasily Podkolzin.
8:24 of 2nd period - Stopped by Trent Miner without a rebound.
8:25 of 2nd period - Joe Veleno wins face-off versus Dominic Toninato in Providence Bruins zone.
8:32 of 2nd period - Wrist shot by John-Jason Peterka.
8:32 of 2nd period - Shot Misses the Net.
8:52 of 2nd period - Keegan Kolesar is hit by Brandon Coe and loses puck.
9:56 of 2nd period - Snap shot by Dylan McLaughlin.
9:56 of 2nd period - Shot Misses the Net.
9:58 of 2nd period - Wrist shot by Michael Dal Colle.
9:58 of 2nd period - Shot Hit the Post.
10:12 of 2nd period - Dominic Turgeon is hit by Nikolai Knyzhov and loses puck.
14:29 of 2nd period - Mason Millman is hit by Chris Wideman and loses puck.
14:40 of 2nd period - Keegan Kolesar is hit by Jacob Moverare and loses puck.
15:01 of 2nd period - Minor Penalty to Austin Wagner for High sticking.
15:02 of 2nd period - Dylan McLaughlin wins face-off versus Nicholas Merkley in Providence Bruins zone.
15:02 of 2nd period - Snap shot by Adam Erne.
15:02 of 2nd period - Shot Misses the Net.
15:24 of 2nd period - Icing by Adam Erne.
15:25 of 2nd period - Dylan McLaughlin wins face-off versus Nicholas Merkley in Sarnia Sailors zone.
15:50 of 2nd period - Chris Wideman is hit by Kyle Capobianco and loses puck.
17:01 of 2nd period - Penalty to Austin Wagner is over, Austin Wagner is back on ice.
17:16 of 2nd period - Brandon Coe is hit by Connor Carrick and loses puck.
17:22 of 2nd period - Icing by Jared McIsaac.
17:23 of 2nd period - Logan Hutsko wins face-off versus Dominic Toninato in Providence Bruins zone.
17:30 of 2nd period - Rob Hamilton is hit by Logan Hutsko.
17:38 of 2nd period - Helge Grans is hit by Rob Hamilton and loses puck.
17:53 of 2nd period - Backhand shot by Aleksi Heponiemi.
17:53 of 2nd period - Shot Blocked by Jacob Moverare.
17:55 of 2nd period - Slapshot by Rob Hamilton.
17:55 of 2nd period - Stopped by Trent Miner without a rebound.
17:56 of 2nd period - Jack Studnicka wins face-off versus Dominic Turgeon in Providence Bruins zone.
17:56 of 2nd period - Jack Studnicka is hit by Dominic Turgeon.
18:03 of 2nd period - Off-side.
18:04 of 2nd period - Joe Veleno wins face-off versus Dylan McLaughlin in neutral zone.
18:18 of 2nd period - Snap shot by Dylan McLaughlin.
18:18 of 2nd period - Stopped by Trent Miner with a rebound.
18:20 of 2nd period - Snap shot by Adam Erne.
18:20 of 2nd period - Goal by Adam Erne - Sarnia Sailors : 3 - Providence Bruins : 1.
18:21 of 2nd period - Dominic Toninato wins face-off versus Joe Veleno in neutral zone.
18:24 of 2nd period - Joe Veleno is hit by Keegan Kolesar and loses puck.
18:31 of 2nd period - Slapshot by Nikolai Knyzhov.
18:31 of 2nd period - Deflect By Nicholas Merkley.
18:31 of 2nd period - Shot Misses the Net.
18:31 of 2nd period - Puck is out of play.
18:32 of 2nd period - Dylan McLaughlin wins face-off versus Jack Studnicka in Sarnia Sailors zone.
18:52 of 2nd period - Jack Rathbone is hit by Nikolai Knyzhov and loses puck.
19:25 of 2nd period - Slapshot by Chris Wideman.
19:25 of 2nd period - Deflect By Yannick Weber.
19:25 of 2nd period - Stopped by Trent Miner with a rebound.
19:27 of 2nd period - Snap shot by Seth Barton.
19:27 of 2nd period - Shot Hit the Post.
19:29 of 2nd period - Snap shot by Josh Dickinson.
19:29 of 2nd period - Deflect By Chris Wideman.
19:29 of 2nd period - Stopped by Trent Miner with a rebound.
19:31 of 2nd period - Wrist shot by Chris Wideman.
19:31 of 2nd period - Stopped by Trent Miner with a rebound.
19:33 of 2nd period - Snap shot by Chris Wideman.
19:33 of 2nd period - Deflect By Yannick Weber.
19:33 of 2nd period - Stopped by Trent Miner with a rebound.
19:35 of 2nd period - Snap shot by Yannick Weber.
19:35 of 2nd period - Stopped by Trent Miner without a rebound.
19:36 of 2nd period - Jack Studnicka wins face-off versus Dominic Toninato in Providence Bruins zone.
19:36 of 2nd period - Jack Studnicka is hit by Vasily Podkolzin.
19:46 of 2nd period - Wrist shot by Keegan Kolesar.
19:46 of 2nd period - Shot Blocked by Nick Perbix.
Goals for this period are 2 for Sarnia Sailors vs 1 for Providence Bruins.
Shots for this period are 13 for Sarnia Sailors vs 8 for Providence Bruins.
3rd period
0:01 of 3rd period - Dominic Toninato wins face-off versus Jack Studnicka in neutral zone.
0:06 of 3rd period - Slapshot by Jack Rathbone.
0:06 of 3rd period - Shot Misses the Net.
0:08 of 3rd period - Slapshot by Jack Rathbone.
0:08 of 3rd period - Stopped by Trent Miner with a rebound.
0:10 of 3rd period - Snap shot by Keegan Kolesar.
0:10 of 3rd period - Deflect By Dominic Toninato.
0:10 of 3rd period - Stopped by Trent Miner with a rebound.
0:14 of 3rd period - Wrist shot by Dominic Toninato.
0:14 of 3rd period - Stopped by Trent Miner with a rebound.
0:16 of 3rd period - Wrist shot by Vasily Podkolzin.
0:16 of 3rd period - Deflect By Dominic Toninato.
0:16 of 3rd period - Shot Blocked by Nick Perbix.
0:16 of 3rd period - Puck is out of play.
0:17 of 3rd period - Dylan McLaughlin wins face-off versus Joe Veleno in Providence Bruins zone.
0:23 of 3rd period - Minor Penalty to John-Jason Peterka for Checking from behind.
0:24 of 3rd period - Dominic Turgeon wins face-off versus Michal Teply in Providence Bruins zone.
1:07 of 3rd period - Minor Penalty to Nikolai Knyzhov for Goalie Interference.
1:08 of 3rd period - Dominic Turgeon wins face-off versus Nicholas Merkley in Providence Bruins zone.
1:11 of 3rd period - Snap shot by Vasily Podkolzin.
1:11 of 3rd period - Shot Misses the Net.
1:15 of 3rd period - Slapshot by Keegan Kolesar.
1:15 of 3rd period - Shot Misses the Net.
1:17 of 3rd period - Slapshot by Vasily Podkolzin.
1:17 of 3rd period - Stopped by Trent Miner with a rebound.
1:19 of 3rd period - Wrist shot by Vasily Podkolzin.
1:19 of 3rd period - Goal by Vasily Podkolzin - Sarnia Sailors : 4 - Providence Bruins : 1.
1:20 of 3rd period - Nicholas Merkley wins face-off versus Dominic Turgeon in neutral zone.
1:29 of 3rd period - Snap shot by Nicholas Merkley.
1:29 of 3rd period - Deflect By Joe Veleno.
1:29 of 3rd period - Shot Misses the Net.
1:29 of 3rd period - Puck is out of play.
1:30 of 3rd period - Dominic Turgeon wins face-off versus Nicholas Merkley in Sarnia Sailors zone.
1:30 of 3rd period - Dominic Turgeon is hit by Nicholas Merkley.
1:43 of 3rd period - Snap shot by Keegan Kolesar.
1:43 of 3rd period - Shot Blocked by Joe Veleno.
1:45 of 3rd period - Snap shot by Vasily Podkolzin.
1:45 of 3rd period - Stopped by Trent Miner with a rebound.
1:47 of 3rd period - Backhand shot by Alex Vlasic.
1:47 of 3rd period - Stopped by Trent Miner with a rebound.
1:49 of 3rd period - Slapshot by Alex Vlasic.
1:49 of 3rd period - Stopped by Trent Miner with a rebound.
1:51 of 3rd period - Slapshot by Vasily Podkolzin.
1:51 of 3rd period - Stopped by Trent Miner with a rebound.
1:53 of 3rd period - Snap shot by Jack Rathbone.
1:53 of 3rd period - Shot Misses the Net.
1:55 of 3rd period - Slapshot by Jack Rathbone.
1:55 of 3rd period - Deflect By Vasily Podkolzin.
1:55 of 3rd period - Shot Blocked by Jacob Moverare.
1:55 of 3rd period - Puck is out of play.
1:56 of 3rd period - John-Jason Peterka wins face-off versus Dylan McLaughlin in Providence Bruins zone.
2:25 of 3rd period - Backhand shot by Chris Wideman.
2:25 of 3rd period - Shot Misses the Net.
3:07 of 3rd period - Penalty to Nikolai Knyzhov is over, Nikolai Knyzhov is back on ice.
3:20 of 3rd period - Snap shot by Jack Studnicka.
3:20 of 3rd period - Shot Misses the Net.
3:32 of 3rd period - Alex Vlasic is hit by Jack Studnicka and loses puck.
3:53 of 3rd period - Wrist shot by Brandon Coe.
3:53 of 3rd period - Shot Misses the Net.
3:55 of 3rd period - Snap shot by Helge Grans.
3:55 of 3rd period - Shot Blocked by David Warsofsky.
3:57 of 3rd period - Slapshot by Helge Grans.
3:57 of 3rd period - Deflect By Jordy Bellerive.
3:57 of 3rd period - Shot Misses the Net.
3:57 of 3rd period - Puck is out of play.
3:58 of 3rd period - Josh Dickinson wins face-off versus Marc Del Gaizo in Sarnia Sailors zone.
4:19 of 3rd period - Wrist shot by Nick Perbix.
4:19 of 3rd period - Deflect By Brandon Coe.
4:19 of 3rd period - Shot Misses the Net.
4:19 of 3rd period - Puck is out of play.
4:20 of 3rd period - Logan Hutsko wins face-off versus Dylan McLaughlin in Sarnia Sailors zone.
4:21 of 3rd period - Snap shot by Brandon Coe.
4:21 of 3rd period - Shot Blocked by Dylan McLaughlin.
4:43 of 3rd period - Icing by Logan Hutsko.
4:44 of 3rd period - Marc Del Gaizo wins face-off versus Dominic Toninato in Providence Bruins zone.
5:09 of 3rd period - John-Jason Peterka is hit by Michael Dal Colle and loses puck.
5:34 of 3rd period - Seth Barton is hit by Jack Studnicka and loses puck.
5:41 of 3rd period - Snap shot by Jack Studnicka.
5:41 of 3rd period - Shot Misses the Net.
5:43 of 3rd period - Slapshot by Kyle Capobianco.
5:43 of 3rd period - Stopped by Laurent Brossoit without a rebound.
5:44 of 3rd period - Dominic Toninato wins face-off versus Jack Studnicka in Sarnia Sailors zone.
5:51 of 3rd period - Snap shot by Austin Wagner.
5:51 of 3rd period - Goal by Austin Wagner - Sarnia Sailors : 4 - Providence Bruins : 2.
5:52 of 3rd period - Dominic Toninato wins face-off versus Joe Veleno in neutral zone.
6:24 of 3rd period - Wrist shot by Jack Studnicka.
6:24 of 3rd period - Shot Misses the Net.
6:42 of 3rd period - Snap shot by Connor Carrick.
6:42 of 3rd period - Stopped by Trent Miner with a rebound.
6:44 of 3rd period - Snap shot by Aleksi Heponiemi.
6:44 of 3rd period - Shot Misses the Net.
6:56 of 3rd period - Jared McIsaac is hit by Yannick Weber and loses puck.
7:17 of 3rd period - John-Jason Peterka is hit by Keegan Kolesar and loses puck.
7:30 of 3rd period - Snap shot by Joe Veleno.
7:30 of 3rd period - Shot Blocked by Keegan Kolesar.
7:44 of 3rd period - Jack Studnicka is hit by Michael Dal Colle and loses puck.
8:10 of 3rd period - Snap shot by Aleksi Heponiemi.
8:10 of 3rd period - Shot Blocked by Kyle Capobianco.
8:12 of 3rd period - Slapshot by Rob Hamilton.
8:12 of 3rd period - Shot Blocked by Nikolai Knyzhov.
8:14 of 3rd period - Slapshot by Seth Barton.
8:14 of 3rd period - Stopped by Trent Miner without a rebound.
8:15 of 3rd period - Joe Veleno wins face-off versus Dominic Toninato in Providence Bruins zone.
8:24 of 3rd period - Snap shot by Keegan Kolesar.
8:24 of 3rd period - Shot Misses the Net.
8:26 of 3rd period - Slapshot by Jack Rathbone.
8:26 of 3rd period - Shot Blocked by Nikolai Knyzhov.
8:28 of 3rd period - Snap shot by Jack Rathbone.
8:28 of 3rd period - Deflect By Kyle Capobianco.
8:28 of 3rd period - Stopped by Trent Miner with a rebound.
8:30 of 3rd period - Snap shot by Jack Rathbone.
8:30 of 3rd period - Deflect By Vasily Podkolzin.
8:30 of 3rd period - Shot Misses the Net.
8:30 of 3rd period - Puck is out of play.
8:31 of 3rd period - Dylan McLaughlin wins face-off versus Jack Studnicka in Providence Bruins zone.
8:32 of 3rd period - Backhand shot by Adam Erne.
8:32 of 3rd period - Stopped by Trent Miner with a rebound.
8:34 of 3rd period - Slapshot by Adam Erne.
8:34 of 3rd period - Stopped by Trent Miner with a rebound.
8:36 of 3rd period - Snap shot by Alex Vlasic.
8:36 of 3rd period - Shot Blocked by Nick Perbix.
8:38 of 3rd period - Snap shot by Adam Erne.
8:38 of 3rd period - Shot Misses the Net.
8:40 of 3rd period - Wrist shot by Michael Dal Colle.
8:40 of 3rd period - Shot Blocked by Jacob Moverare.
8:42 of 3rd period - Wrist shot by Michael Dal Colle.
8:42 of 3rd period - Shot Blocked by Nick Perbix.
8:44 of 3rd period - Slapshot by Jack Rathbone.
8:44 of 3rd period - Shot Misses the Net.
8:46 of 3rd period - Wrist shot by Dylan McLaughlin.
8:46 of 3rd period - Stopped by Trent Miner without a rebound.
8:47 of 3rd period - Joe Veleno wins face-off versus Dominic Toninato in Providence Bruins zone.
8:47 of 3rd period - Joe Veleno is hit by Vasily Podkolzin.
8:50 of 3rd period - Minor Penalty to John-Jason Peterka for Tripping.
8:51 of 3rd period - Michal Teply wins face-off versus Dominic Turgeon in Providence Bruins zone.
10:40 of 3rd period - Nick Perbix is hit by Michael Dal Colle and loses puck.
10:50 of 3rd period - Penalty to John-Jason Peterka is over, John-Jason Peterka is back on ice.
11:15 of 3rd period - Slapshot by Helge Grans.
11:15 of 3rd period - Stopped by Laurent Brossoit with a rebound.
11:17 of 3rd period - Snap shot by Logan Hutsko.
11:17 of 3rd period - Shot Blocked by David Warsofsky.
11:19 of 3rd period - Slapshot by Helge Grans.
11:19 of 3rd period - Stopped by Laurent Brossoit with a rebound.
11:21 of 3rd period - Slapshot by Jordy Bellerive.
11:21 of 3rd period - Shot Misses the Net.
11:33 of 3rd period - Adam Erne is hit by Marc Del Gaizo and loses puck.
11:45 of 3rd period - Icing by David Warsofsky.
11:46 of 3rd period - Joe Veleno wins face-off versus Chris Wideman in Sarnia Sailors zone.
12:27 of 3rd period - Off-side.
12:28 of 3rd period - Jack Studnicka wins face-off versus Dominic Turgeon in neutral zone.
12:31 of 3rd period - Backhand shot by Michal Teply.
12:31 of 3rd period - Shot Misses the Net.
12:37 of 3rd period - Snap shot by Michal Teply.
12:37 of 3rd period - Shot Blocked by Alex Vlasic.
12:51 of 3rd period - Snap shot by Michal Teply.
12:51 of 3rd period - Shot Misses the Net.
12:57 of 3rd period - Aleksi Heponiemi is hit by Jacob Moverare and loses puck.
13:38 of 3rd period - Michal Teply is hit by Alex Vlasic.
14:08 of 3rd period - Slapshot by Jack Studnicka.
14:08 of 3rd period - Stopped by Laurent Brossoit with a rebound.
14:20 of 3rd period - Snap shot by Aleksi Heponiemi.
14:20 of 3rd period - Stopped by Trent Miner with a rebound.
14:22 of 3rd period - Snap shot by Connor Carrick.
14:22 of 3rd period - Goal by Connor Carrick - Sarnia Sailors : 5 - Providence Bruins : 2.
14:23 of 3rd period - Joe Veleno wins face-off versus Dominic Toninato in neutral zone.
14:48 of 3rd period - Michael Dal Colle is hit by Brandon Coe and loses puck.
14:59 of 3rd period - Slapshot by Brandon Coe.
14:59 of 3rd period - Shot Misses the Net.
15:01 of 3rd period - Wrist shot by Kyle Capobianco.
15:01 of 3rd period - Shot Blocked by Seth Barton.
15:11 of 3rd period - Snap shot by Mason Millman.
15:11 of 3rd period - Stopped by Laurent Brossoit without a rebound.
15:12 of 3rd period - Dominic Toninato wins face-off versus Marc Del Gaizo in Sarnia Sailors zone.
15:52 of 3rd period - Mitchell Vande Sompel is hit by Joe Veleno and loses puck.
16:09 of 3rd period - Slapshot by Adam Erne.
16:09 of 3rd period - Shot Blocked by Jordy Bellerive.
16:11 of 3rd period - Wrist shot by Dylan McLaughlin.
16:11 of 3rd period - Shot Misses the Net.
16:13 of 3rd period - Snap shot by Adam Erne.
16:13 of 3rd period - Stopped by Trent Miner with a rebound.
16:33 of 3rd period - Slapshot by Nikolai Knyzhov.
16:33 of 3rd period - Shot Blocked by Rob Hamilton.
17:55 of 3rd period - Icing by Jack Rathbone.
17:56 of 3rd period - Jack Studnicka wins face-off versus Dominic Toninato in Sarnia Sailors zone.
17:57 of 3rd period - Snap shot by Michal Teply.
17:57 of 3rd period - Deflect By Jordy Bellerive.
17:57 of 3rd period - Shot Blocked by Connor Carrick.
17:57 of 3rd period - Puck is out of play.
17:58 of 3rd period - Dylan McLaughlin wins face-off versus Logan Hutsko in Sarnia Sailors zone.
17:58 of 3rd period - Dylan McLaughlin is hit by Brandon Coe.
18:08 of 3rd period - Slapshot by Jordy Bellerive.
18:08 of 3rd period - Shot Misses the Net.
19:36 of 3rd period - Slapshot by Adam Erne.
19:36 of 3rd period - Shot Blocked by Nikolai Knyzhov.
19:42 of 3rd period - Slapshot by Kyle Capobianco.
19:42 of 3rd period - Deflect By Logan Hutsko.
19:42 of 3rd period - Shot Blocked by David Warsofsky.
19:42 of 3rd period - Puck is out of play.
19:43 of 3rd period - Joe Veleno wins face-off versus Keegan Kolesar in Sarnia Sailors zone.
19:44 of 3rd period - Wrist shot by Nicholas Merkley.
19:44 of 3rd period - Shot Misses the Net.
19:46 of 3rd period - Slapshot by Jared McIsaac.
19:46 of 3rd period - Deflect By John-Jason Peterka.
19:46 of 3rd period - Stopped by Laurent Brossoit with a rebound.
19:48 of 3rd period - Slapshot by Nicholas Merkley.
19:48 of 3rd period - Shot Misses the Net.
19:50 of 3rd period - Slapshot by Helge Grans.
19:50 of 3rd period - Deflect By John-Jason Peterka.
19:50 of 3rd period - Stopped by Laurent Brossoit with a rebound.
Goals for this period are 2 for Sarnia Sailors vs 1 for Providence Bruins.
Shots for this period are 18 for Sarnia Sailors vs 8 for Providence Bruins.
Back to the Top